 Dungeon Crawl Stone Soup version 0.30-a0-743-gbfdf073431 (webtiles) character file.

Game seed: 6866120785621574858

95 Dittersdorf the Trooper (level 4, -2/29 HPs)
             Began as a Gargoyle Fighter on Feb 7, 2023.
             Slain by an ice beast (13 damage)
             ... on level 5 of the Dungeon.
             The game lasted 00:02:17 (1676 turns).

Dittersdorf the Trooper (Gargoyle Fighter)          Turns: 1676, Time: 00:02:17

Health: -2/29      AC: 14    Str: 27    XL:     4   Next: 66%
Magic:  0/4        EV:  8    Int: 15    God:
Gold:   164        SH:  4    Dex:  9    Spells: 3/3 levels left

rFire   . . .      SeeInvis .    a - +0 flail
rCold   . . .      Faith    .    c - +0 buckler
rNeg    + . .      Spirit   +    q - +0 chain mail
rPois   ∞          Reflect  .    (no helmet)
rElec   +          Harm     .    (no cloak)
rCorr   .          Rampage  .    f - +0 pair of gloves
Will    .....                    (no boots) Stlth
                                 g - amulet of guardian spirit
HPRegen 0.24/turn                s - +6 ring of intelligence
MPRegen 0.09/turn                v - +6 ring of strength

@: no status effects
A: sickness immunity, AC +3, negative energy resistance 1, electricity
resistance, torment resistance 1, petrification resistance
a: no special abilities


You were on level 5 of the Dungeon.
You visited 1 branch of the dungeon, and saw 4 of its levels.

You collected 164 gold pieces.

Inventory:

Hand Weapons
 a - a +0 flail (weapon)
Missiles
 r - 4 poisoned darts (quivered)
Armour
 c - a +0 buckler (worn)
 f - a +0 pair of gloves (worn)
 q - a +0 chain mail (worn)
Jewellery
 g - an amulet of guardian spirit (around neck)
 s - a +6 ring of intelligence (left hand)
 v - a +6 ring of strength (right hand)
Scrolls
 b - a scroll of brand weapon {unknown}
 e - a scroll of poison {unknown}
 h - a scroll of identify {unknown}
 m - a scroll of fog {unknown}
 n - 3 scrolls of teleportation {unknown}
 p - a scroll of torment {unknown}
 t - a scroll of magic mapping {unknown}
Potions
 d - 3 potions of might
 i - a potion of curing {unknown}
 j - 3 potions of invisibility {unknown}
 k - 3 potions of lignification {unknown}
 l - 2 potions of attraction {unknown}
 o - a potion of haste {unknown}
 u - a potion of brilliance {unknown}


   Skills:
 + Level 4.0 Fighting
 + Level 2.8 Maces & Flails
 + Level 4.0 Armour
 + Level 4.0 Shields


You had 3 spell levels left.
You didn't know any spells.
Your spell library was empty.

Dungeon Overview and Level Annotations

Branches:
Dungeon (3/15)

Altars:


Innate Abilities, Weirdness & Mutations

You are immune to sickness and miasma.
Your stone body is resilient. (AC +3)
You are immune to poison.
You resist negative energy. (rN+)
You are resistant to electric shocks. (rElec)
You are resistant to unholy torment.
You are immune to petrification.


Message History

The ice beast hits you but does no damage.
You hit the ice beast.
The ice beast is lightly wounded.
The ice beast barely misses you.
You closely miss the ice beast.
The ice beast is lightly wounded.
The ice beast barely misses you.
The ice beast hits you but does no damage.
You hit the ice beast.
The ice beast is moderately wounded.
You block the ice beast's attack.
You closely miss the ice beast.
The ice beast is moderately wounded.
The ice beast hits you but does no damage.
You closely miss the ice beast.
The ice beast is moderately wounded.
The ice beast hits you. The ice beast freezes you!
You are too injured to fight recklessly!
You are too injured to fight recklessly!
You are too injured to fight recklessly!
You are too injured to fight recklessly!
You are too injured to fight recklessly!
You are too injured to fight recklessly!
You are too injured to fight recklessly!
You are too injured to fight recklessly!
You are too injured to fight recklessly!
You are too injured to fight recklessly!
You are too injured to fight recklessly!
You are too injured to fight recklessly!
You are too injured to fight recklessly!
You feel stronger.
v - a +6 ring of strength (right hand)
The ice beast hits you but does no damage.
Throw: 5 darts (poison)
Press: ? - help, Q - select action Shift-Dir - straight line, f - ice beast
Aim: an ice beast (moderately wounded, 56% to hit)
You throw a poisoned dart. The poisoned dart hits the ice beast.
The ice beast is moderately wounded.
The ice beast hits you. The ice beast freezes you!
You die...

#.....' ######.....#
...........#
...........#
...........#
...........#
.......Y...# ####
#.@...# .....
#.....#
......#.....########
......'............#
......#.)..........+
......#............#
##### ##+###.......#
#.......# #.......#


You could see an ice beast.

Vanquished Creatures
  An iguana (D:5)
  3 adders
  A worm (D:3)
  An orc (D:5)
  5 ball pythons
  3 endoplasms (D:1)
  A giant cockroach (D:3)
  3 goblins
  2 hobgoblins
  3 jackals (D:2)
  2 quokkas
  5 bats
  6 frilled lizards
  2 kobolds (D:2)
  3 rats
41 creatures vanquished.

Vanquished Creatures (others)
  A goblin (D:1)
1 creature vanquished.

Grand Total: 42 creatures vanquished

Notes
Turn   | Place    | Note
-------+----------+-------------------------------------------
     0 | D:1      | Dittersdorf the Gargoyle Fighter began the quest for the
                  | Orb.
     0 | D:1      | Reached XP level 1. HP: 14/14 MP: 1/1
   212 | D:1      | Noticed a great orb of eyes
   214 | D:1      | Found a faded altar of an unknown god.
   215 | D:1      | Noticed a great orb of eyes
   215 | D:1      | Noticed an eye of devastation
   215 | D:1      | Noticed a floating eye
   229 | D:1      | Reached XP level 2. HP: 17/19 MP: 2/2
   685 | D:2      | Reached XP level 3. HP: 24/24 MP: 3/3
  1402 | D:3      | Reached XP level 4. HP: 29/29 MP: 4/4
  1518 | D:3      | You fall into a shaft and drop 2 floors!
  1518 | D:5      | Entered Level 5 of the Dungeon
  1519 | D:5      | yay!
  1662 | D:5      | Noticed an ice beast
  1676 | D:5      | Slain by an ice beast

Illustrated notes

#.....
#....
#....
+... #...
#..#
###+##..#
#......@#
#.......#
#.......#
#.......#
#.......#
#.......#
#...|...#
#########


Turn 1519 on D:5: yay!

Levels and vault maps discovered:
D:1:      matt_arrival_spirals, layout_basic,
          hellmonk_ecumenical_altar_watching_god, lemuel_flame_loot_1
D:2:      layout_rooms
D:3:      layout_basic, minivault_23, chequers_big_river
D:5:      layout_gridville, zin_academy, serial_shops, nicolae_shop_trees,
          ebering_ghost_sewer_f, minmay_crystal_water, minmay_misc_feat_rows

Skill      XL: |  1  2  3  4 |
---------------+-------------+-----
Fighting       | 4 |  4.0
Armour         | 4 |  4.0
Shields        | 4 |  4.0
Maces & Flails | |  2.8

Action                     |  1- 3 |  4- 6 || total
---------------------------+-------+-------++-------
  Melee: Flail             |   120 |    39 ||   159
  Throw: Dart              |       |     1 ||     1
 Armour: Scale mail        |    55 |       ||    55
         Chain mail        |    41 |    28 ||    69
  Dodge: Dodged            |    75 |    10 ||    85
  Block: Buckler           |    35 |     8 ||    43

Table legend: (Time is in decaauts)
 A = Elapsed time spent in this place.
 B = Non-inter-level travel time spent in this place.
 C = Inter-level travel time spent in this place.
 D = Time resting spent in this place.
 E = Time spent auto-exploring this place.
 F = Levels seen in this place.
 G = Mean time per level.
                   A        B        C        D        E       F      G
               +--------+--------+--------+--------+--------+-----+--------+
         Total |   1728 |   1661 |     67 |      0 |   1262 |   4 |  432.0 |
       Dungeon |   1728 |   1661 |     67 |      0 |   1262 |   4 |  432.0 |
               +--------+--------+--------+--------+--------+-----+--------+

Top non-repeatable levels by time:
     D:1: 691 daAuts
     D:2: 586 daAuts
     D:3: 283 daAuts
     D:5: 167 daAuts
